 Dungeon Crawl Stone Soup version 0.28.0-47-ge53b351184 (webtiles) character file.

Game seed: 15568823158747970109

18 joe1234567 the Ducker (level 2, -7/22 HPs)
             Began as a Demonspawn Gladiator on May 7, 2022.
             Mangled by a gnoll
             ... wielding a +0 club
              (9 damage)
             ... on level 1 of the Dungeon.
             The game lasted 00:03:11 (627 turns).

joe1234567 the Ducker (Demonspawn Gladiator)         Turns: 627, Time: 00:03:12

Health: -7/22      AC:  0    Str: 14    XL:     2   Next: 51%
Magic:  2/2        EV: 13    Int:  9    God:
Gold:   4          SH:  0    Dex: 14    Spells: 1/1 levels left

rFire   . . .      SeeInvis .   a - +0 rapier
rCold   . . .      Faith    .   (no shield)
rNeg    . . .      Spirit   .   (no armour)
rPois   .          Reflect  .   (helmet restricted)
rElec   .          Harm     .   (no cloak)
rCorr   .          Rampage  .   (no gloves)
Will    .....                   (no boots)
Stlth   +.........              (no amulet)
HPRegen 0.07/turn               (no ring)
MPRegen 0.08/turn               (no ring)

@: no status effects
A: antennae 1
a: no special abilities


You were on level 1 of the Dungeon.
You visited 1 branch of the dungeon, and saw 1 of its levels.

You collected 4 gold pieces.

Inventory:

Hand Weapons
 a - a +0 rapier (weapon)
Missiles
 d - 3 throwing nets (quivered)
Armour
 b - a +0 leather armour
 c - a +0 helmet
 e - a +0 ring mail
 i - a +0 chain mail
Scrolls
 f - a scroll of identify {unknown}
 h - a scroll of teleportation {unknown}
Potions
 g - a potion of magic {unknown}


   Skills:
 + Level 2.1 Fighting
 + Level 3.0 Short Blades
 + Level 1.9 Throwing
 + Level 3.0 Dodging


You had one spell level left.
You didn't know any spells.
Your spell library was empty.

Dungeon Overview and Level Annotations

Branches:
Dungeon (1/15)

Altars:


Innate Abilities, Weirdness & Mutations

You have a pair of small antennae on your head.


Message History

The bat hits you but does no damage. The bat barely misses you.
The kobold throws a stone.
The stone barely misses you. The bat hits you but does no damage.
You closely miss the bat. The bat hits you but does no damage.
You hit the bat.
You kill the bat!
You see here a +0 club.
You closely miss the kobold. The kobold completely misses you.
You hit the kobold.
You kill the kobold!
Things that are here:
a +0 dagger; a stone A ball python comes into view.
The ball python hisses angrily.
You see here a scroll labelled YCYUGA JYRUDD.
You puncture the ball python!
You kill the ball python!
h - a scroll labelled YCYUGA JYRUDD A gnoll comes into view.
It is wielding a +0 club.
The gnoll shouts!
You see here a +0 chain mail.
i - a +0 chain mail You start removing your armour.
You continue taking off your +0 ring mail. x3
The gnoll hits you with a +0 club.
You continue taking off your +0 ring mail.
The gnoll hits you with a +0 club!
* * * LOW HITPOINT WARNING * * *
You finish taking off your +0 ring mail.
You puncture the gnoll!
The gnoll is heavily wounded.
The gnoll misses you.
You hit the gnoll but do no damage.
The gnoll is heavily wounded.
The gnoll barely misses you.
You hit the gnoll but do no damage.
The gnoll is heavily wounded.
The gnoll hits you with a +0 club!
You die...

######...#####...#####....###
##.(....### #..###.........#
##.......## #.## #..)......#
#.........#####.# ##.).......####
#.........#.....# #..............
#....††...#.##### #..........##..
#...........#######.###########..
#.........####.........# ..#
#.........# #..@g.....# ###
#.........# #.........#
#.........# #............#
#.........# #.........####
#.........# #.........#
##.......## ########### ##.....##
#######


You could see a gnoll.

Vanquished Creatures
  2 endoplasms (D:1)
  2 giant cockroaches (D:1)
  A goblin (D:1)
  2 jackals (D:1)
  A quokka (D:1)
  4 ball pythons (D:1)
  A bat (D:1)
  A frilled lizard (D:1)
  A kobold (D:1)
  A rat (D:1)
16 creatures vanquished.

Notes
Turn   | Place    | Note
-------+----------+-------------------------------------------
     0 | D:1      | joe1234567 the Demonspawn Gladiator began the quest for the
                  | Orb.
     0 | D:1      | Reached XP level 1. HP: 16/16 MP: 1/1
   358 | D:1      | Gained mutation: You have a pair of small antennae on your
                  | head. [demonic ancestry]
   358 | D:1      | Reached XP level 2. HP: 19/22 MP: 2/2
   627 | D:1      | Mangled by a gnoll

Illustrated notes

Levels and vault maps discovered:
D:1:      kilobyte_arrival_exit_the_forest, layout_rooms

Skill      XL: |  1  2 |
---------------+-------+-----
Dodging        | 3 |  3.0
Short Blades   | 3 |  3.0
Fighting       | |  2.1
Throwing       | |  1.9

Action                   || total
-------------------------++-------
Melee: Rapier            ||    58
Armor: Ring mail         ||    36
       Leather armour    ||     1
Dodge: Dodged            ||    54
